 Dungeon Crawl Stone Soup version 0.27-a0-941-g386ccf399c (webtiles) character file.

Game seed: 5892289473609524843

266 Glokmah the Grasshopper (level 6, -1/51 HPs)
             Began as a Draconian Warper on Apr 11, 2021.
             Was a Believer of Makhleb.
             Slain by a kobold brigand
             ... wielding a +0 short sword
              (4 damage)
             ... on level 3 of the Dungeon.
             The game lasted 00:06:33 (2846 turns).

Glokmah the Grasshopper (Draconian Warper)          Turns: 2846, Time: 00:06:34

Health: -1/51      AC:  7    Str: 13    XL:     6   Next: 0%
Magic:  10/10      EV: 12    Int: 14    God:    Makhleb [**....]
Gold:   102        SH:  0    Dex: 12    Spells: 3/10 levels left

rFire    + . .     SeeInvis .   a - +0 hand axe
rCold    . . .     Faith    .   (no shield)
rNeg     . . .     Spirit   .   (armour unavailable)
rPois    .         Reflect  .   (helmet restricted)
rElec    .         Harm     .   (no cloak)
rCorr    .         Rampage  .   m - +0 pair of gloves
Will     .....                  (no boots)
Stlth    +.........             (no amulet)
HPRegen  0.17/turn              g - +4 ring of slaying
MPRegen  0.12/turn              p - ring of protection from fire

@: no status effects
A: AC +6, unfitting armour, cold-blooded
a: Renounce Religion, Minor Destruction


You were on level 3 of the Dungeon.
You worshipped Makhleb.
Makhleb was pleased with you.
You visited 1 branch of the dungeon, and saw 3 of its levels.

You collected 102 gold pieces.

Inventory:

Hand Weapons
 a - a +0 hand axe (weapon)
 i - a +0 dagger of holy wrath
 n - a +0 dagger of electrocution
Missiles
 b - 3 boomerangs
 d - 5 boomerangs of dispersal
 e - 34 stones
 r - 3 javelins (quivered)
Armour
 m - a +0 pair of gloves (worn)
Jewellery
 g - a +4 ring of slaying (left hand)
 p - a ring of protection from fire (right hand)
 q - a ring of magical power
Scrolls
 c - a scroll of blinking
 f - a scroll of teleportation {unknown}
 h - a scroll of brand weapon {unknown}
 j - a scroll of fog {unknown}
 l - 2 scrolls of fear {unknown}
 o - a scroll of identify {unknown}
 s - a scroll of vulnerability {unknown}
 u - a scroll of enchant weapon {unknown}
Potions
 k - a potion of curing {unknown}
 t - 2 potions of magic {unknown}


   Skills:
 + Level 3.4 Fighting
 + Level 3.1 Axes
 - Level 0.8 Throwing
 + Level 2.9 Dodging
 + Level 2.8 Spellcasting
 * Level 4.5 Translocations
 + Level 1.0 Earth Magic


You had 3 spell levels left.
You knew the following spells:

 Your Spells              Type           Power      Damage    Failure   Level
a - Blink                 Tloc           N/A        N/A       5%          2
b - Teleport Other        Tloc           14%        N/A       11%         3
c - Passwall              Tmut/Erth      2%         N/A       26%         2

Your spell library contained the following spells:

 Spells                   Type           Power      Damage    Failure   Level
 Gell's Gravitas          Tloc           7%         N/A       11%         3
 Lesser Beckoning         Tloc           7%         N/A       11%         3
 Sandblast                Erth           8%         2d5       14%         1
 Stone Arrow              Conj/Erth      6%         3d7       47%         3
 Confusing Touch          Hex            1%         N/A       54%         3
 Manifold Assault         Tloc           14%        N/A       67%         5
 Petrify                  Tmut/Erth      3%         N/A       87%         4
 Lee's Rapid Deconstruct  Erth           2%         3d5*      99%         5
 Metabolic Englaciation   Hex/Ice        0%         N/A       99%         5
 Yara's Violent Unravell  Hex/Tmut       0%         3d3       99%         5


Dungeon Overview and Level Annotations

Branches:
Dungeon (3/15)

Altars:
Makhleb
Wu Jian


Innate Abilities, Weirdness & Mutations

Your plain brown scales are hard. (AC +6)
You cannot fit into any form of body armour.
You are cold-blooded and may be slowed by cold attacks.


Message History

You closely miss the kobold brigand.
You feel sick.
The kobold brigand hits you with a +0 short sword.
You closely miss the kobold brigand.
You feel sick.
You are no longer poisoned.
The kobold brigand closely misses you.
You barely miss the kobold brigand. You tail-slap the kobold brigand!
The kobold brigand is moderately wounded.
The kobold brigand barely misses you.
You closely miss the kobold brigand.
The kobold brigand is moderately wounded.
The kobold brigand barely misses you.
You slash the kobold brigand!
The kobold brigand is heavily wounded.
The kobold brigand barely misses you.
You barely miss the kobold brigand. You tail-slap the kobold brigand.
The kobold brigand is severely wounded.
The kobold brigand misses you.
You closely miss the kobold brigand.
The kobold brigand is severely wounded.
The kobold brigand hits you with a +0 short sword!
* * * LOW HITPOINT WARNING * * *
You completely miss the kobold brigand.
The kobold brigand is severely wounded.
The kobold brigand hits you with a +0 short sword.
* * * LOW HITPOINT WARNING * * *
The kobold brigand hits you but does no damage.
You hit the kobold brigand.
The kobold brigand is severely wounded.
The kobold brigand hits you but does no damage.
You hit the kobold brigand.
The kobold brigand is almost dead.
The kobold brigand barely misses you.
You hit the kobold brigand but do no damage.
The kobold brigand is almost dead.
The kobold brigand hits you with a +0 short sword!
* * * LOW HITPOINT WARNING * * *
You completely miss the kobold brigand.
The kobold brigand is almost dead.
The kobold brigand hits you with a +0 short sword.
You die...

#.# #.# #.# #.#
... #.# #K# #@#
#.# #.# #.# #.#
#. #.#.#
#.##.#.#
##..#.#.# ###
.....#.########


You could see a kobold brigand.

Vanquished Creatures
  An ogre (D:2)
  Jessica (D:2)
  Natasha (thrice) (D:1)
  3 adders
  A dart slug (D:2)
  An endoplasm (D:1)
  3 giant cockroaches (D:1)
  7 goblins
  5 hobgoblins
  10 jackals (D:1)
  A quokka (D:2)
  4 ball pythons
  5 bats
  3 frilled lizards
  A kobold (D:1)
  4 rats
53 creatures vanquished.

Notes
Turn   | Place    | Note
-------+----------+-------------------------------------------
     0 | D:1      | Glokmah the Draconian Warper began the quest for the Orb.
     0 | D:1      | Reached XP level 1. HP: 17/17 MP: 3/3
   292 | D:1      | Reached XP level 2. HP: 9/25 MP: 5/5
   842 | D:1      | Found a faded altar of an unknown god.
   846 | D:1      | Learned a level 2 spell: Blink
   862 | D:1      | Became a worshipper of Makhleb the Destroyer
   862 | D:1      | Reached * piety under Makhleb
   924 | D:1      | Reached XP level 3. HP: 30/30 MP: 6/6
  1018 | D:2      | Noticed Natasha
  1027 | D:1      | Killed Natasha
  1257 | D:1      | Noticed Natasha
  1268 | D:1      | Killed Natasha
  1269 | D:1      | Reached XP level 4. HP: 6/37 MP: 7/7
  1847 | D:1      | Noticed Natasha
  1858 | D:1      | Killed Natasha
  1875 | D:1      | Learned a level 3 spell: Teleport Other
  1896 | D:2      | Reached skill level 4 in Translocations
  1962 | D:2      | Learned a level 2 spell: Passwall
  2112 | D:2      | Reached XP level 5. HP: 45/45 MP: 8/8
  2140 | D:2      | Noticed an ogre
  2227 | D:2      | Killed an ogre
  2428 | D:2      | Noticed Jessica
  2431 | D:2      | Killed Jessica
  2431 | D:2      | Reached ** piety under Makhleb
  2434 | D:2      | Reached skill level 1 in Earth Magic
  2727 | D:3      | Reached XP level 6. HP: 51/51 MP: 10/10
  2772 | D:3      | Found an ornate altar of the Wu Jian Council.
  2846 | D:3      | Slain by a kobold brigand

Illustrated notes

Levels and vault maps discovered:
D:1:      dpeg_arrival_leaves_temple_mockup, layout_basic,
          shapermc_ecumenical_altar_notcrosses
D:2:      layout_basic, minmay_octomino_e4, uniq_jessica, uniq_natasha
D:3:      layout_basic, lemuel_doored_altar

Skill      XL: |  1  2  3  4  5 |
---------------+----------------+-----
Fighting       | 3 |  3.4
Translocations | 4 |  4.5
Axes           | 3 |  3.1
Earth Magic    | 1 |  1.0
Throwing       | |  0.8
Dodging        | |  2.9
Spellcasting   | |  2.8

Action                   |  1- 3 |  4- 6 || total
-------------------------+-------+-------++-------
Melee: Hand axe          |    78 |    56 ||   134
       Tailslap          |     9 |     9 ||    18
Throw: Boomerang         |       |     9 ||     9
       Javelin           |       |     3 ||     3
 Cast: Blink             |       |     5 ||     5
 Stab: Sleeping          |       |     1 ||     1
Armor: Skin              |    27 |    25 ||    52
Dodge: Dodged            |    59 |    26 ||    85

Table legend: (Time is in decaauts)
 A = Elapsed time spent in this place.
 B = Non-inter-level travel time spent in this place.
 C = Inter-level travel time spent in this place.
 D = Time resting spent in this place.
 E = Time spent auto-exploring this place.
 F = Levels seen in this place.
 G = Mean time per level.
                   A        B        C        D        E       F      G
               +--------+--------+--------+--------+--------+-----+--------+
         Total |   2884 |   2410 |    474 |    802 |   1069 |   3 |  961.3 |
       Dungeon |   2884 |   2410 |    474 |    802 |   1069 |   3 |  961.3 |
               +--------+--------+--------+--------+--------+-----+--------+

Top non-repeatable levels by time:
     D:1: 1894 daAuts
     D:2: 799 daAuts
     D:3: 190 daAuts
